[Event "*** SCC Grand Prix: Titled Tuesday Blitz"]
[Site "Chess.com"]
[Date "2020.07.21"]
[Round "9"]
[White "BikingBrian"]
[Black "HouseOfDurin"]
[Result "1-0"]
[WhiteElo "2219"]
[BlackElo "2064"]
[TimeControl "180+1"]
[EndTime "11:47:25 PDT"]
[Termination "BikingBrian won on time"]

1. d4 Nf6 2. Bg5 Ne4 3. Bf4 d5 4. f3 Nf6 5. e4 dxe4 6. Nc3 exf3 7. Nxf3 e6 8. Bc4 Bd6 9. Bg5 h6 10. Bh4 g5 11. Bf2 Ng4 12. O-O O-O 13. Ne4 Nxf2 14. Rxf2 Bf4 15. Re2 a6 16. g3 Bd6 17. Bd3 b5 18. c3 Bb7 19. Rf2 f5 20. Nxd6 cxd6 21. Qe2 Bd5 22. c4 bxc4 23. Bxc4 Bxc4 24. Qxc4 Qd7 25.
Re1 d5 26. Qe2 Rf6 27. Ne5 Qb5 28. Qh5 Kg7 29. h4 gxh4 30. g4 Nc6 31. g5 Rg8 32. Kh1 1-0

[Event "*** SCC Grand Prix: Titled Tuesday Blitz"]
[Site "Chess.com"]
[Date "2020.07.21"]
[Round "9"]
[White "Quiet_Desperation"]
[Black "51616516516"]
[Result "1-0"]
[WhiteElo "2249"]
[BlackElo "2383"]
[TimeControl "180+1"]
[EndTime "11:47:27 PDT"]
[Termination "Quiet_Desperation won on time"]

1. d4 Nf6 2. Nf3 g6 3. Nc3 d5 4. e3 Bg7 5. h3 O-O 6. Bd3 c5 7. dxc5 Nc6 8. O-O e5 9. e4 d4 10. Ne2 Nd7 11. Bc4 Nxc5 12. Ng3 Be6 13. Bxe6 Nxe6 14.
Bd2 Rc8 15. Rc1 Qb6 16. b3 Rfd8 17. a4 Nb4 18. Ng5 Na2 19. Nxe6 Qxe6 20. Ra1 Nc3 21. Qf3 b6 22. Rfc1 Bf8 23. Ne2 Bb4 24. Nxc3 Bxc3 25. Bxc3 Rxc3 26. Qe2 Rdc8 27. Qa6 Rxc2 28. Rxc2 Rxc2 29.
Qxa7 d3 30. Rd1 d2 31. Kh2 Kg7 32. Qb8 Qf6 33. f3 Qf4+ 34. g3 Qxf3 35. Qxe5+ Kh6 36.
Qf4+ Qxf4 37. gxf4 Kg7 38. Kg2 1-0

[Event "*** SCC Grand Prix: Titled Tuesday Blitz"]
[Site "Chess.com"]
[Date "2020.07.21"]
[Round "9"]
[White "Bigfish1995"]
[Black "TheCount"]
[Result "1-0"]
[WhiteElo "3003"]
[BlackElo "2662"]
[TimeControl "180+1"]
[EndTime "11:47:28 PDT"]
[Termination "Bigfish1995 won on time"]

1. d4 Nf6 2. c4 g6 3. Nc3 d5 4. Bf4 Bg7 5. e3 O-O 6. Rc1 Be6 7. c5 c6 8. h3 Bc8 9. Nf3 Nfd7 10. Bg5 b6 11. b4 a5 12. a3 axb4 13. axb4 bxc5 14.
bxc5 Ra3 15. Be2 Qa5 16. Qd2 Nxc5 17. Bxe7 Nb3 18. Qb2 Nxc1 19. Qxa3 Qxa3 20. Bxa3 Nxe2 21. Kxe2 Re8 22. Bd6 Nd7 23. Ra1 c5 24. Nxd5 cxd4 25. Ra8 d3+ 26. Kxd3 Ne5+ 27. Nxe5 Bf5+ 28. Ke2 Rxa8 29.
Ne7+ Kf8 30. Nxf5+ 1-0

[Event "*** SCC Grand Prix: Titled Tuesday Blitz"]
[Site "Chess.com"]
[Date "2020.07.21"]
[Round "9"]
[White "boasovietica"]
[Black "Shubinkirill2003"]
[Result "0-1"]
[WhiteElo "2413"]
[BlackElo "2636"]
[TimeControl "180+1"]
[EndTime "11:47:28 PDT"]
[Termination "Shubinkirill2003 won on time"]

1. e4 e6 2. d4 d5 3. Nd2 Be7 4. Ngf3 Nf6 5. Bd3 c5 6. dxc5 O-O 7. Qe2 a5 8. O-O Na6 9. e5 Nd7 10. c3 Naxc5 11. Bc2 b5 12. Nb3 b4 13. Re1 Ba6 14.
Qd1 bxc3 15. bxc3 Qc7 16. Nbd4 Rfc8 17. Bf4 Nf8 18. h4 Ne4 19. Rc1 Nxc3 20. Qd2 Bb4 21. Qe3 Ng6 22. h5 Nxf4 23. Qxf4 h6 24. g4 Ba3 25. Ra1 Ne2+ 26. Rxe2 Bxe2 27. g5 Bxf3 28. Qxf3 Qxe5 29. Rd1 Qxg5+ 30. Kh1 Bc5 31. Ne2 Qh4+ 32.
Kg2 Qxf2+ 33. Qxf2 Bxf2 0-1

[Event "*** SCC Grand Prix: Titled Tuesday Blitz"]
[Site "Chess.com"]
[Date "2020.07.21"]
[Round "9"]
[White "jsl796"]
[Black "vpsetter"]
[Result "1-0"]
[WhiteElo "2891"]
[BlackElo "2603"]
[TimeControl "180+1"]
[EndTime "11:47:32 PDT"]
[Termination "jsl796 won on time"]

1. d4 Nf6 2. c4 e6 3. Nc3 Bb4 4.
e3 O-O 5. Nf3 d5 6. Bd2 b6 7.
cxd5 exd5 8. Bd3 Bb7 9. O-O Re8 10. Qc2 Bf8 11. Ne5 c5 12. Bb5 Re6 13. Ne2 Ne4 14.
Nf4 Rh6 15. Be1 cxd4 16. exd4 Qh4 17. Nh3 Ng5 18. Qc7 Ba6 19. a4 Bxb5 20. axb5 Nxh3+ 21.
gxh3 Qg5+ 22. Kh1 Qf5 23. Rc1 Rxh3 24. Qc8 Qe4+ 25. f3 Qe3 26. Bf2 1-0

[Event "*** SCC Grand Prix: Titled Tuesday Blitz"]
[Site "Chess.com"]
[Date "2020.07.21"]
[Round "9"]
[White "jacky72"]
[Black "MFguimaraes"]
[Result "1-0"]
[WhiteElo "2631"]
[BlackElo "2412"]
[TimeControl "180+1"]
[EndTime "11:47:32 PDT"]
[Termination "jacky72 won by resignation"]

1. d4 Nf6 2. c4 c6 3. Nc3 d5 4.
Nf3 a6 5. cxd5 cxd5 6. Bf4 Nc6 7.
e3 Bf5 8. Rc1 e6 9. Ne5 Bd6 10.
Bd3 Bxd3 11. Qxd3 Bxe5 12. Bxe5 Nxe5 13. dxe5 Nd7 14. f4 O-O 15. O-O f6 16. exf6 Qxf6 17. e4 Nc5 18. Qe2 d4 19. Nd5 exd5 20. Rxc5 dxe4 21.
Qxe4 Rae8 22. Qxb7 Re2 23. Rc6 Qf5 24. Qb3+ Kh8 25. Rd6 Qe4 26. Qf3 Qxf3 27. Rxf3 Rxb2 28. Rxa6 Rd8 29. Rd3 h6 30. Ra4 Rc8 31. h3 Rcc2 32. Rg3 d3 33. Ra8+ Kh7 34. Ra7 h5 35. Raxg7+ Kh8 36. R7g5 1-0

[Event "*** SCC Grand Prix: Titled Tuesday Blitz"]
[Site "Chess.com"]
[Date "2020.07.21"]
[Round "9"]
[White "MasterKroket"]
[Black "chargemax23"]
[Result "0-1"]
[WhiteElo "2407"]
[BlackElo "2603"]
[TimeControl "180+1"]
[EndTime "11:47:35 PDT"]
[Termination "chargemax23 won by checkmate"]

1. d4 Nf6 2. c4 d6 3. Nc3 Bf5 4. Bg5 Nbd7 5. e3 h6 6. Bh4 e5 7. Nf3 c6 8. Be2 Be7 9. O-O O-O 10. b4 Re8 11. Qb3 Bf8 12. Rfd1 e4 13. Nd2 g5 14.
Bg3 Bg6 15. b5 c5 16. dxc5 Nxc5 17. Qc2 h5 18. h4 Ng4 19. hxg5 Qxg5 20. Bf4 Qf5 21.
Nf1 Nd3 22. Ng3 Qe6 23. Nd5 Rac8 24. Bg5 Bg7 25. Nf4 Nxf4 26. Bxf4 Bxa1 27. Rxa1 d5 28. c5 d4 29. exd4 e3 30. Qc3 exf2+ 31. Kf1 h4 32.
Bc4 Qf6 33. Ne2 Rxe2 34. Bxe2 Qxf4 35. Bf3 Qg3 36. c6 Re8 37. cxb7 Nh2# 0-1

[Event "*** SCC Grand Prix: Titled Tuesday Blitz"]
[Site "Chess.com"]
[Date "2020.07.21"]
[Round "9"]
[White "TioCridineno"]
[Black "fabianvivasz"]
[Result "1/2-1/2"]
[WhiteElo "2175"]
[BlackElo "2280"]
[TimeControl "180+1"]
[EndTime "11:47:37 PDT"]
[Termination "Game drawn by repetition"]

1. e4 e5 2. Nf3 Nc6 3. Bb5 f5 4. Nc3 fxe4 5. Nxe4 Nf6 6. d3 d5 7. Bxc6+ bxc6 8. Ng3 Bd6 9. h3 e4 10. dxe4 Bxg3 11. fxg3 Nxe4 12. Bf4 O-O 13. O-O Qf6 14. Be5 Qe7 15. Qd4 Rb8 16. a3 Ba6 17. Rfe1 Rbd8 18. b4 Bc8 19. Kh2 Bf5 20. Rad1 a5 21. c3 axb4 22. axb4 h6 23. h4 Bg4 24. Rd3 Rf5 25.
Bf4 Rdf8 26. c4 Bxf3 27. gxf3 Rxf4 28. fxe4 Rxh4+ 29. gxh4 Qxh4+ 30. Kg2 Qxe1 31. exd5 Qf1+ 32. Kg3 Qe1+ 33. Kg2 Qe2+ 34. Kg3 Qe1+ 35. Kg2 1/2-1/2

[Event "*** SCC Grand Prix: Titled Tuesday Blitz"]
[Site "Chess.com"]
[Date "2020.07.21"]
[Round "9"]
[White "JiiHart"]
[Black "Vision_64"]
[Result "0-1"]
[WhiteElo "2085"]
[BlackElo "2212"]
[TimeControl "180+1"]
[EndTime "11:47:39 PDT"]
[Termination "Vision_64 won by checkmate"]

1. e4 c5 2. Nf3 Nc6 3. d4 cxd4 4.
Nxd4 Nf6 5. Nc3 e5 6. Ndb5 d6 7. Bg5 a6 8. Bxf6 gxf6 9. Na3 b5 10. Nd5 f5 11. Bd3 Be6 12. Qh5 Bg7 13. O-O-O Rc8 14.
h4 Bxd5 15. exd5 Nd4 16. Bxf5 Rc5 17. Rhe1 Kf8 18. Be4 Qf6 19. g3 Bh6+ 20. Kb1 b4 21.
c3 bxa3 22. cxd4 Rb5 23. b3 Qxf2 24. Rf1 Qb2# 0-1

[Event "*** SCC Grand Prix: Titled Tuesday Blitz"]
[Site "Chess.com"]
[Date "2020.07.21"]
[Round "9"]
[White "Evachess2006"]
[Black "ecwinslow"]
[Result "0-1"]
[WhiteElo "1602"]
[BlackElo "2197"]
[TimeControl "180+1"]
[EndTime "11:47:41 PDT"]
[Termination "ecwinslow won by resignation"]

1. e4 c5 2. c3 Nf6 3. e5 Nd5 4. d4 cxd4 5. Nf3 d6 6. exd6 Qxd6 7.
cxd4 Nc6 8. Nc3 Bg4 9. Nxd5 Qxd5 10. Be3 e6 11. Be2 Bb4+ 12. Bd2 Bxf3 13. Bxf3 Qxd4 14.
Bxb4 Qxb4+ 15. Qd2 Qxd2+ 16. Kxd2 Rc8 17. Rac1 Ke7 18.
Bxc6 Rhd8+ 19. Ke2 Rxc6 20. Rhd1 Rxd1 21. Rxd1 Rc2+ 22. Rd2 Rxd2+ 23. Kxd2 Kd6 24. Kd3 Kd5 25. f4 f5 26. g3 e5 27. h3 e4+ 28. Ke3 Kc4 29. g4 g6 30. gxf5 gxf5 31. h4 h5 32.
Ke2 Kd4 33. Kd2 e3+ 34. Ke2 Ke4 35. b4 b5 36. a3 Kxf4 0-1

[Event "*** SCC Grand Prix: Titled Tuesday Blitz"]
[Site "Chess.com"]
[Date "2020.07.21"]
[Round "9"]
[White "Sibelephant"]
[Black "Dedic8"]
[Result "1-0"]
[WhiteElo "3098"]
[BlackElo "2795"]
[TimeControl "180+1"]
[EndTime "11:47:42 PDT"]
[Termination "Sibelephant won by resignation"]

1. c4 e5 2. d3 Nf6 3. Nf3 Nc6 4.
g3 d5 5. cxd5 Nxd5 6. Bg2 Be7 7.
O-O O-O 8. Nc3 Nb6 9. Be3 Re8 10.
Rc1 Bf8 11. a3 Nd4 12. Bxd4 exd4 13. Nb5 c5 14. b4 cxb4 15. axb4 Nd5 16. Nfxd4 a6 17.
Qb3 Nf6 18. Nc7 Qxd4 19. Rc4 Qd8 20. Nxa8 Be6 21. Bxb7 Qb8 22. Bf3 Nd5 23. Bxd5 Bxd5 24. Nc7 Bxc4 25. Qxc4 Rc8 26. Nxa6 1-0

[Event "*** SCC Grand Prix: Titled Tuesday Blitz"]
[Site "Chess.com"]
[Date "2020.07.21"]
[Round "9"]
[White "Isajevsky_Anton"]
[Black "vanea_03"]
[Result "0-1"]
[WhiteElo "2575"]
[BlackElo "2708"]
[TimeControl "180+1"]
[EndTime "11:47:42 PDT"]
[Termination "vanea_03 won on time"]

1. c4 e5 2. g3 Nf6 3. Bg2 Nc6 4. Nc3 Bc5 5. Nf3 d6 6. O-O a6 7. e3 Ba7 8. d4 O-O 9. h3 h6 10. b3 Bf5 11. Bb2 Re8 12. g4 Bh7 13. dxe5 dxe5 14.
Nd5 Qd6 15. a3 Rad8 16. Nd2 Bd3 17. Re1 Nxd5 18. cxd5 Ne7 19. Nc4 Bxc4 20. bxc4 Ng6 21. Be4 Nh4 22. Qc2 Bc5 23. f3 Rf8 24. Qf2 Qe7 25.
Kh2 f5 26. gxf5 Nxf5 27. Re2 Rf7 28. a4 Rdf8 29. Rg1 Kh8 30. Rg4 Nd6 31. Bg6 Rxf3 32. Qg2 Bxe3 0-1

[Event "*** SCC Grand Prix: Titled Tuesday Blitz"]
[Site "Chess.com"]
[Date "2020.07.21"]
[Round "9"]
[White "RodinMihail"]
[Black "Alopekos"]
[Result "1-0"]
[WhiteElo "2485"]
[BlackElo "2365"]
[TimeControl "180+1"]
[EndTime "11:47:43 PDT"]
[Termination "RodinMihail won on time"]

1. e4 c5 2. Nf3 e6 3. d4 cxd4 4. Nxd4 Nc6 5. Nb5 d6 6. Bf4 e5 7. Be3 Nf6 8. Bg5 a6 9. Bxf6 gxf6 10. N5c3 f5 11. Bc4 Qg5 12. O-O Rg8 13. g3 f4 14. Nd5 Bg4 15. Qxg4 Qxg4 16. Nf6+ Kd8 17. Nxg4 Rxg4 18. Nc3 Nd4 19. Rac1 b5 20. Bd3 Bh6 21.
f3 Rg8 22. g4 Bg5 23. a4 Rb8 24. axb5 axb5 25. Nd5 h5 26. h3 Kd7 27. c3 Ne6 28. Ra1 Rb7 29. Ra5 hxg4 30. hxg4 Rgb8 31. Kf2 Bd8 32. Ra2 Nc7 33. Nb4 Ne6 34. Rh1 Bb6+ 35. Ke2 Bc5 36. Na6 Rg8 37. Rh7 Ke7 38. b4 1-0

[Event "*** SCC Grand Prix: Titled Tuesday Blitz"]
[Site "Chess.com"]
[Date "2020.07.21"]
[Round "9"]
[White "Gareth-Bale11"]
[Black "Andrei_Belozerov"]
[Result "0-1"]
[WhiteElo "2684"]
[BlackElo "2567"]
[TimeControl "180+1"]
[EndTime "11:47:44 PDT"]
[Termination "Andrei_Belozerov won by resignation"]

1. e4 e5 2. Nf3 Nc6 3. Nc3 Nf6 4. g3 Bc5 5. Bg2 d6 6. d3 Nd4 7. Na4 Bg4 8. Nxc5 dxc5 9. h3 Nxf3+ 10. Bxf3 Bxf3 11.
Qxf3 Nd7 12. Be3 Qe7 13. a3 a5 14. a4 Nb8 15. O-O Nc6 16. Qg2 O-O 17. f4 f6 18. f5 Nd4 19. b3 Rad8 20. g4 h6 21. h4 Kf7 22. g5 hxg5 23. hxg5 Ke8 24. g6 Rh8 25. Qd2 Kd7 26. Kg2 Rh5 27. Rh1 Rdh8 28. Bxd4 exd4 29. Rxh5 Rxh5 30. Rh1 Rg5+ 31. Kf1 b6 32. Rh7 Kc6 33. Qh2 c4 34. bxc4 Qa3 35. e5 Qc1+ 36. Kf2 Qxc2+ 37. Ke1 Qc1+ 38. Kf2 Rxf5+ 39.
Kg2 Qg5+ 40. Kh3 Rf3+ 0-1

[Event "*** SCC Grand Prix: Titled Tuesday Blitz"]
[Site "Chess.com"]
[Date "2020.07.21"]
[Round "9"]
[White "tandaleo"]
[Black "MNyuyu"]
[Result "0-1"]
[WhiteElo "2307"]
[BlackElo "2415"]
[TimeControl "180+1"]
[EndTime "11:47:48 PDT"]
[Termination "MNyuyu won on time"]

1. Nf3 d5 2. g3 Bf5 3. Bg2 e6 4. O-O c6 5. Nh4 Bg4 6. h3 Bh5 7. d3 Be7 8. Nf3 Nf6 9. Nbd2 Nbd7 10. c3 Bg6 11. Nh4 Bh5 12. Nhf3 h6 13. Re1 Bg6 14. e4 dxe4 15. dxe4 Nc5 16. e5 Nd5 17. Nc4 Nd3 18. Rf1 Nxc1 19. Qxc1 O-O 20.
Ne3 Qb6 21. Nxd5 cxd5 22. Nd4 Rac8 23. Qd2 a5 24. f4 Bc5 25. Rac1 Bxd4+ 26. cxd4 a4 27. Kh2 a3 28. b3 Qb5 29. g4 Bd3 30. Rfd1 Be4 31. Bf1 Qb6 32. b4 f6 33. Rxc8 Rxc8 34. Rc1 Rxc1 35. Qxc1 fxe5 36. Qc5 Qd8 37. fxe5 Qh4 38. Bg2 Qf2 0-1

[Event "*** SCC Grand Prix: Titled Tuesday Blitz"]
[Site "Chess.com"]
[Date "2020.07.21"]
[Round "9"]
[White "Alindsay211"]
[Black "VladaSviridova"]
[Result "0-1"]
[WhiteElo "2261"]
[BlackElo "2136"]
[TimeControl "180+1"]
[EndTime "11:47:49 PDT"]
[Termination "VladaSviridova won on time"]

1. d4 d5 2. Nf3 Nf6 3. Bf4 c5 4. c3 Nc6 5. e3 e6 6. Nbd2 Bd6 7.
Bg5 Be7 8. Bd3 O-O 9. Rc1 h6 10.
Bh4 b6 11. O-O Bb7 12. Qa4 a6 13. Bb1 cxd4 14. exd4 Rc8 15. Qd1 Ne4 16. Bxe7 Nxe7 17. Re1 f5 18. Ne5 Nc6 19. Ndf3 Nxe5 20. Nxe5 Qg5 21.
Nd7 Rf7 22. Nxb6 Rc6 23. Na4 Rf6 24. Bxe4 fxe4 25. Nc5 Bc8 26. g3 e5 27. Re3 Bg4 28. Qe1 Bf3 29. Rxf3 Rxf3 30. dxe5 Qxe5 31. Nd7 Qe7 32.
Nb8 Rb6 0-1

[Event "*** SCC Grand Prix: Titled Tuesday Blitz"]
[Site "Chess.com"]
[Date "2020.07.21"]
[Round "9"]
[White "HElissalt"]
[Black "MF1966Idrisov"]
[Result "1/2-1/2"]
[WhiteElo "2279"]
[BlackElo "2362"]
[TimeControl "180+1"]
[EndTime "11:47:50 PDT"]
[Termination "Game drawn by repetition"]

1. c4 c6 2. d4 d6 3. Nc3 Nf6 4. e4 e5 5. Nge2 Be7 6. f3 O-O 7.
Be3 a6 8. dxe5 dxe5 9. Qxd8 Bxd8 10. c5 Nbd7 11. Na4 Re8 12. O-O-O Nf8 13. Ng3 Be6 14. b3 g6 15. Be2 Kg7 16. Nf1 Nh5 17. g3 Be7 18. Nd2 f5 19. Nc4 Bxc4 20. Bxc4 f4 21. Bf2 Rad8 22. g4 Nf6 23. h4 h5 24. g5 N6d7 25. b4 Nb8 26. a3 Rxd1+ 27. Rxd1 Rd8 28.
Rxd8 Bxd8 29. Nb2 Bc7 30. Nd3 Nfd7 31. Be1 Kf8 32. Bc3 Ke7 33. Kc2 Kf8 34. Kb3 Ke7 35.
a4 Kf8 36. b5 axb5 37. axb5 cxb5 38. Bxb5 Nc6 39. Kc4 Kf7 40. Kd5 Ne7+ 41. Kc4 Nc6 42. Bxc6 bxc6 43. Nb4 Nb8 44. Nd3 Ke6 45. Bb4 Na6 46.
Bc3 Nb8 47. Bb4 Nd7 48. Bc3 Nb8 1/2-1/2

[Event "*** SCC Grand Prix: Titled Tuesday Blitz"]
[Site "Chess.com"]
[Date "2020.07.21"]
[Round "9"]
[White "canary2016"]
[Black "biostatistician"]
[Result "0-1"]
[WhiteElo "1928"]
[BlackElo "2564"]
[TimeControl "180+1"]
[EndTime "11:47:52 PDT"]
[Termination "biostatistician won by checkmate"]

1. d4 Nf6 2. c4 g6 3. Nf3 Bg7 4. g3 b6 5. Bg2 Bb7 6. O-O O-O 7. Nc3 Ne4 8. Qc2 Nxc3 9. bxc3 Nc6 10. Bb2 d6 11.
Rad1 Na5 12. c5 Bd5 13. cxd6 cxd6 14. Bc1 Rc8 15. e4 Bc4 16. Rfe1 Qd7 17. Nd2 Bb5 18. Nb3 Ba4 19. Rd2 Qb5 20. Bf1 Bxb3 21. Bxb5 Bxc2 22.
Rxc2 Bxd4 23. Bb2 Rc5 24. Bd3 Rfc8 25. Rec1 Bf6 26. f4 Nc4 27. Bxc4 Rxc4 28. Kf2 Rxe4 29.
Kf3 Rec4 30. Ke2 b5 31. Kd3 d5 32. Ba3 e6 33. Bb4 d4 34. Ba5 dxc3 35. Bxc3 Bxc3 36. Rxc3 Rxc3+ 37. Rxc3 Rxc3+ 38. Kxc3 f6 39. Kb4 Kf7 40.
Kxb5 e5 41. fxe5 fxe5 42. Kc5 Ke6 43. a4 a5 44. h3 e4 45. Kd4 Kf5 46. Ke3 Ke5 47.
g4 g5 48. Ke2 Kf4 49. Kf2 e3+ 50. Ke2 Ke4 51. Ke1 Kf3 52. Kf1 e2+ 53. Ke1 Ke3 54. h4 gxh4 55. g5 h3 56. g6 h2 57. g7 h1=Q# 0-1

[Event "*** SCC Grand Prix: Titled Tuesday Blitz"]
[Site "Chess.com"]
[Date "2020.07.21"]
[Round "9"]
[White "mamey78"]
[Black "Reader777"]
[Result "0-1"]
[WhiteElo "2519"]
[BlackElo "2664"]
[TimeControl "180+1"]
[EndTime "11:47:53 PDT"]
[Termination "Reader777 won by resignation"]

1. e4 c5 2. Nf3 d6 3. d4 cxd4 4.
Nxd4 Nf6 5. Nc3 a6 6. Bg5 Nbd7 7. Qe2 h6 8. Bh4 Qc7 9. O-O-O e6 10. f4 b5 11. f5 e5 12. Nd5 Nxd5 13. exd5 Bb7 14. Ne6 Qc8 15. Qh5 Nf6 16. Bxf6 gxf6 17. Be2 Ke7 18. Nxf8 Qxf8 19. Qf3 Qc8 20. g4 Qc5 21.
Kb1 Rac8 22. Qe4 Qb6 23. h4 Rhg8 24. Rhg1 Qf2 25. g5 hxg5 26. hxg5 Rxg5 27. Rxg5 fxg5 28. Rf1 Qd4 29. f6+ Kd8 30. Qh7 Bxd5 31. Rd1 Qc5 32. c3 Be6 33. Qe4 Kc7 34. Bf3 Rb8 35. Bg4 Qc4 0-1

[Event "*** SCC Grand Prix: Titled Tuesday Blitz"]
[Site "Chess.com"]
[Date "2020.07.21"]
[Round "9"]
[White "JoliyRoger"]
[Black "AsaHoffmann"]
[Result "0-1"]
[WhiteElo "2317"]
[BlackElo "2437"]
[TimeControl "180+1"]
[EndTime "11:47:53 PDT"]
[Termination "AsaHoffmann won on time"]

1. Nf3 d6 2. d4 Bg4 3. Ng1 Nf6 4. h3 Bh5 5. c4 Nbd7 6. Nc3 e5 7. d5 a5 8. Qc2 Nc5 9. e4 Be7 10. Nge2 O-O 11.
Ng3 Bg6 12. Be3 Nfd7 13. Qd2 h6 14. Be2 Bg5 15. Bg4 Bxe3 16. Qxe3 Qg5 17. Qxg5 hxg5 18. Bxd7 Nxd7 19. f3 Nc5 20. Kd2 f5 21. Rhe1 fxe4 22.
Ncxe4 Bxe4 23. Nxe4 Nxe4+ 24. Rxe4 Rf4 25. Rae1 b6 26.
Kd3 a4 27. R1e3 Raf8 28. Ke2 g6 29. g3 Rxe4 30. Rxe4 Kg7 31. h4 gxh4 32. Rxh4 Rb8 33. Kd2 b5 34. Kc2 Kf6 35. Re4 b4 36. Kd3 Rh8 37.
c5 dxc5 38. Kc4 Rh2 39. Kxc5 Rxb2 40. Rxb4 Rxa2 41. Rc4 a3 42. Kc6 Rd2 43. Ra4 a2 44. Kc5 Kf5 45. Kc6 Rd3 46. f4 e4 47. Rxa2 Rc3+ 48. Kd7 e3 0-1

[Event "*** SCC Grand Prix: Titled Tuesday Blitz"]
[Site "Chess.com"]
[Date "2020.07.21"]
[Round "9"]
[White "Ze-Pequeno"]
[Black "rududuyk"]
[Result "1-0"]
[WhiteElo "2240"]
[BlackElo "2067"]
[TimeControl "180+1"]
[EndTime "11:47:53 PDT"]
[Termination "Ze-Pequeno won on time"]

1. e4 e6 2. d4 d5 3. Nc3 Nf6 4. Bg5 dxe4 5. Nxe4 Be7 6. Bxf6 gxf6 7. Nf3 a6 8. Qe2 f5 9. Nc3 b5 10. O-O-O b4 11. Na4 Bb7 12. b3 Nd7 13. Kb1 Bf6 14. Qe3 O-O 15. Rg1 Nb6 16. Nc5 Bc6 17. Nxe6 fxe6 18. Qxe6+ Kh8 19. Qxc6 Nd5 20. Rd3 Nc3+ 21. Rxc3 bxc3 22. Qxc3 Rc8 23. Qc5 Bg7 24. Bd3 Qf6 25. c3 Rce8 26. Ne5 Qg5 27. Kc2 Bxe5 28. dxe5 1-0

[Event "*** SCC Grand Prix: Titled Tuesday Blitz"]
[Site "Chess.com"]
[Date "2020.07.21"]
[Round "9"]
[White "Denmark2015"]
[Black "Panterov"]
[Result "1-0"]
[WhiteElo "2602"]
[BlackElo "2189"]
[TimeControl "180+1"]
[EndTime "11:47:55 PDT"]
[Termination "Denmark2015 won by resignation"]

1. d4 d5 2. c4 c6 3. Nf3 Nf6 4. Qb3 Qb6 5. c5 Qc7 6. g3 a5 7.
Bf4 a4 8. Qc2 Qa5+ 9. Nbd2 a3 10. Bg2 Ne4 11. O-O Bf5 12. Nxe4 Bxe4 13. Qb3 Qb5 14.
bxa3 Qxb3 15. axb3 Nd7 16. Ne5 Bxg2 17. Kxg2 Nxe5 18.
Bxe5 Kd7 19. b4 f6 20. Bf4 Ra4 21. Bc1 e6 22. Rb1 b5 23. cxb6 Be7 24. b5 c5 25.
Bf4 cxd4 26. Bc7 Bd6 27. Rfc1 Rc4 28. Rxc4 dxc4 29. Bxd6 Kxd6 30. a4 Ra8 31. Ra1 c3 32. b7 Rb8 33. a5 Rxb7 34. a6 Ra7 35. b6 Ra8 36. b7 Rb8 37. a7 1-0

[Event "*** SCC Grand Prix: Titled Tuesday Blitz"]
[Site "Chess.com"]
[Date "2020.07.21"]
[Round "9"]
[White "DonBroca"]
[Black "kidagent"]
[Result "0-1"]
[WhiteElo "2080"]
[BlackElo "2209"]
[TimeControl "180+1"]
[EndTime "11:47:55 PDT"]
[Termination "kidagent won by resignation"]

1. e4 c5 2. Nf3 d6 3. d4 cxd4 4. Nxd4 Nf6 5. Nc3 a6 6. Bg5 e6 7. f4 Be7 8. Qf3 Qc7 9. O-O-O Nbd7 10. g4 b5 11. Be2 Bb7 12. Rhe1 b4 13. Na4 Bxe4 14.
Qb3 d5 15. Bxf6 Nxf6 16. g5 Nd7 17. Rf1 O-O 18. Bd3 e5 19. fxe5 Bxg5+ 20. Kb1 Qxe5 21. Nf3 Bxf3 22. Rxf3 a5 23. Rh3 Nf6 24. Nb6 Rad8 25. Nxd5 Rxd5 26. Bxh7+ Nxh7 27. Qxd5 Qxd5 28. Rxd5 Rd8 29.
Rhd3 Re8 30. a3 Bf4 31. h3 bxa3 32. Rxa3 Nf6 33. Rdxa5 Ne4 34. Ra8 Rxa8 35. Rxa8+ Kh7 36. Ra4 f5 37. b4 Nc3+ 0-1

[Event "*** SCC Grand Prix: Titled Tuesday Blitz"]
[Site "Chess.com"]
[Date "2020.07.21"]
[Round "9"]
[White "GMBenjaminBok"]
[Black "PavelShkapenko"]
[Result "1-0"]
[WhiteElo "2868"]
[BlackElo "2644"]
[TimeControl "180+1"]
[EndTime "11:47:56 PDT"]
[Termination "GMBenjaminBok won by resignation"]

1. c4 Nf6 2. Nc3 e6 3. e4 c5 4. e5 Ng8 5. Nf3 d6 6. exd6 Bxd6 7. d4 cxd4 8. Qxd4 Nf6 9. Bg5 Nc6 10. Qh4 Be7 11. Be2 h6 12. O-O Rg8 13. Rad1 Qa5 14. Bd2 g5 15. Qxh6 Rg6 16. Nb5 Qb6 17. c5 Bxc5 18.
Qh8+ Bf8 19. Be3 Qa5 20. Bc5 Rg8 21. Qxf6 Bxc5 22. Nxg5 Rf8 23. Nxf7 Be7 24. Nfd6+ Kd7 25. Nc4+ Ke8 26. Bh5+ 1-0

[Event "*** SCC Grand Prix: Titled Tuesday Blitz"]
[Site "Chess.com"]
[Date "2020.07.21"]
[Round "9"]
[White "sm_sharon"]
[Black "KratosKrieg"]
[Result "1-0"]
[WhiteElo "2061"]
[BlackElo "1924"]
[TimeControl "180+1"]
[EndTime "11:47:56 PDT"]
[Termination "sm_sharon won by checkmate"]

1. d4 d5 2. Nf3 Nf6 3. Bf4 e6 4. e3 Bd6 5. Bg3 O-O 6. Bd3 c5 7. c3 Nc6 8. Nbd2 b6 9. Qe2 c4 10. Bc2 Be7 11. e4 Nh5 12. Ne5 Nxg3 13. hxg3 Nxe5 14.
dxe5 d4 15. Nxc4 Ba6 16. O-O-O Rc8 17. Rxd4 Qc7 18. Qh5 h6 19. Nd6 Rcd8 20. Rhd1 Rd7 21. f4 Rfd8 22. Qxf7+ Kh8 23. Qxe6 Bxd6 24. Rxd6 Bc8 25.
Rxd7 Rxd7 26. Rxd7 Bxd7 27. Qd6 Qc8 28. f5 Bb5 29. e6 Qc4 30. e5 Qxa2 31. f6 Qa1+ 32.
Kd2 Qg1 33. Qf8# 1-0

[Event "*** SCC Grand Prix: Titled Tuesday Blitz"]
[Site "Chess.com"]
[Date "2020.07.21"]
[Round "9"]
[White "Klaus1995"]
[Black "PawnEatingZombie"]
[Result "0-1"]
[WhiteElo "1893"]
[BlackElo "2207"]
[TimeControl "180+1"]
[EndTime "11:47:56 PDT"]
[Termination "PawnEatingZombie won by resignation"]

1. e4 c6 2. d4 d5 3. Nc3 dxe4 4. Nxe4 Bf5 5. Ng3 Bg6 6. h4 h6 7. h5 Bh7 8. Nf3 Nd7 9. Bd3 Bxd3 10. Qxd3 e6 11. Bf4 Qa5+ 12. Bd2 Bb4 13. c3 Be7 14.
c4 Qc7 15. O-O-O Ngf6 16. Kb1 b5 17. cxb5 cxb5 18. Qxb5 Rb8 19. Qd3 O-O 20. Ne4 Nd5 21. g4 Qb7 22. Bc1 Rfc8 23. Qe2 N7b6 24. Ka1 Na4 25.
b3 Nac3 26. Nxc3 Nxc3 27. Qe3 Nxd1 28. Rxd1 Qd5 29. Bb2 Rc2 30. Rg1 Bg5 31. Nxg5 hxg5 32. f4 Rbc8 33. fxg5 Rh2 34. h6 Rcc2 35. Rb1 Rh1 36.
hxg7 Qg2 37. Rc1 Rcxc1+ 38. Bxc1 Qc2 0-1

[Event "*** SCC Grand Prix: Titled Tuesday Blitz"]
[Site "Chess.com"]
[Date "2020.07.21"]
[Round "9"]
[White "Pavel_Mir"]
[Black "chessbia"]
[Result "1-0"]
[WhiteElo "2349"]
[BlackElo "2192"]
[TimeControl "180+1"]
[EndTime "11:47:57 PDT"]
[Termination "Pavel_Mir won by resignation"]

1. e4 c5 2. Nf3 d6 3. d4 cxd4 4. Nxd4 Nf6 5. Nc3 a6 6. f4 e5 7.
Nf3 Nc6 8. fxe5 dxe5 9. Qxd8+ Kxd8 10. Bg5 Be7 11. O-O-O+ Ke8 12. Bc4 h6 13. Bxf6 Bxf6 14.
Nd5 Bd8 15. Rhf1 Be6 16. c3 b5 17. Bb3 Rc8 18. Kb1 h5 19. h3 Rh6 20. Ne3 Bxb3 21.
axb3 Re6 22. Nf5 Kf8 23. Rd5 g6 24. Nd6 Rc7 25. Rfd1 Kg7 26. c4 bxc4 27. bxc4 Bf6 28. g4 hxg4 29. hxg4 Rc8 30. g5 Rxd6 31. Rxd6 Be7 32.
Rd7 Bc5 33. R1d5 Bd4 34. R5d6 Nb4 35. Rf6 Rxc4 36. Rdxf7+ Kg8 37. Rf8+ 1-0